 Dungeon Crawl Stone Soup version 0.26-a0-1126-g3318b609a0 (webtiles) character file.

Game seed: 18290720097854164890

218 pistachioham the Vexing (level 5, -1/41 HPs)
             Began as a Gnoll Arcane Marksman on Dec 17, 2020.
             Slain by Grinder (2 damage)
             ... on level 4 of the Dungeon.
             The game lasted 00:24:11 (3009 turns).

pistachioham the Vexing (Gnoll Arcane Marksman)     Turns: 3009, Time: 00:24:12

Health: -1/41      AC:  4    Str: 18    XL:     5   Next: 95%
Magic:  8/9        EV: 16    Int: 16    God:
Gold:   146        SH:  0    Dex: 22    Spells: 4/10 levels left

rFire    . . .     SeeInvis .   b - +0 dagger
rCold    . . .     Faith    .   (no shield)
rNeg     . . .     Spirit   .   e - +0 robe
rPois    .         Reflect  .   (no helmet)
rElec    .         Harm     .   k - +1 cloak
rCorr    .         Rampage  .   (no gloves)
Will     .....                  (no boots)
Stlth    ++........             (no amulet)
HPRegen  0.13/turn              m - +6 ring of strength
MPRegen  0.11/turn              o - +6 ring of dexterity

@: berserk cooldown, slowed, very slow
A: distributed training, fangs 1, strong nose
a: no special abilities


You were on level 4 of the Dungeon.
You visited 1 branch of the dungeon, and saw 4 of its levels.

You collected 146 gold pieces.

Inventory:

Hand Weapons
 a - a +0 shortbow
 b - a +0 dagger (weapon)
Missiles
 d - 3 arrows
Armour
 e - a +0 robe (worn)
 k - a +1 cloak (worn)
 r - a cursed +0 buckler
 u - a +0 cloak
 v - a +0 ring mail
Jewellery
 m - a +6 ring of strength (left hand)
 n - an uncursed ring of ice
 o - a +6 ring of dexterity (right hand)
 t - an uncursed ring of ice
Scrolls
 g - 2 scrolls of teleportation {unknown}
 h - 2 scrolls of blinking {unknown}
 j - 4 scrolls of identify
 l - 2 scrolls of immolation {unknown}
 p - a scroll of remove curse {unknown}
Potions
 c - 3 potions of curing
 i - a potion of mutation {unknown}
 q - 2 potions of heal wounds {unknown}
 s - a potion of might {unknown}


   Skills:
 + Level 3.1 Fighting
 + Level 1.7 Short Blades
 + Level 1.7 Long Blades
 + Level 1.7 Axes
 + Level 1.7 Maces & Flails
 + Level 1.7 Polearms
 + Level 1.7 Staves
 + Level 1.7 Slings
 + Level 4.9 Bows
 + Level 1.7 Crossbows
 + Level 1.7 Throwing
 + Level 1.7 Armour
 + Level 4.9 Dodging
 + Level 1.7 Stealth
 + Level 1.7 Shields
 + Level 1.7 Unarmed Combat
 + Level 3.3 Spellcasting
 + Level 1.3 Conjurations
 + Level 5.6 Hexes
 + Level 1.3 Summonings
 + Level 1.3 Necromancy
 + Level 1.3 Translocations
 + Level 1.3 Transmutations
 + Level 1.3 Fire Magic
 + Level 1.3 Ice Magic
 + Level 1.3 Air Magic
 + Level 1.3 Earth Magic
 + Level 1.3 Poison Magic
 + Level 1.9 Invocations
 + Level 1.7 Evocations


You had 4 spell levels left.
You knew the following spells:

 Your Spells              Type           Power        Failure   Level
a - Corona                Hex            22%          1%          1
b - Slow                  Hex            20%          2%          2
c - Portal Projectile     Hex/Tloc       26%          13%         3

Your spell library contained the following spells:

 Spells                   Type           Power        Failure   Level
 Magic Dart               Conj           24%          11%         1
 Inner Flame              Hex/Fire       13%          13%         3
 Blink                    Tloc           N/A          16%         2
 Call Imp                 Summ           6%           16%         2
 Cause Fear               Hex            10%          19%         4
 Conjure Flame            Conj/Fire      6%           30%         3
 Mephitic Cloud           Conj/Pois/Air  6%           30%         3
 Leda's Liquefaction      Hex/Erth       6%           41%         4


Dungeon Overview and Level Annotations

Branches:
Dungeon (4/15)
 Temple: D:4-7

Altars:
Fedhas

Annotations:
D:4 Grinder


Innate Abilities, Weirdness & Mutations

Your experience applies equally to all skills.
You have very sharp teeth.
Your uncanny sense of smell can sniff out nearby items.


Message History

You shrug off the repeated paralysis!
Grinder gestures at you.
You shrug off the repeated paralysis!
You can move again.
Unknown command.
You aren't carrying any items that you can evoke.
Unknown command.
You feel better. Grinder gestures at you. Pain shoots through your body!
* * * LOW HITPOINT WARNING * * *
Casting: Corona (safe; 1% risk of failure)
Confirm with . or Enter, or press ? or * to list all spells.
Aiming: Corona (safe; 1% risk of failure)
Press: ? - help, Shift-Dir - straight line, f/p - Grinder
Aim: Grinder (heavily wounded, chance to affect: 59%) Grinder is outlined in light.
Grinder closely misses you. Grinder hits you.
* * * LOW HITPOINT WARNING * * *
You writhe in agony.
You die...

##.#.#.###.# #.#.##.#
##.##.# #.# #.#.#.#
#.##.###.###.#...#
#†##......>..#...##
#<######.#####.)#.##
........# #.#########.##
..############.....).......
#......########### #@##...#
#5##...# #.###.##
######.###.####
#......(((.(...
#.####.###.#### #.# #.# ..#
#.# #.##


You could see Grinder (corona).

Vanquished Creatures
  A phantom (D:4)
  Crazy Yiuf (D:3)
  Jessica (D:3)
  2 adders
  An ooze (D:4)
  An adder skeleton (D:4)
  A leopard gecko (D:4)
  3 giant cockroaches (D:1)
  6 goblins
  7 hobgoblins
  5 jackals
  4 kobolds
  7 bats
  4 frilled lizards
  A quokka skeleton (D:4)
  4 rats
49 creatures vanquished.

Notes
Turn   | Place    | Note
-------+----------+-------------------------------------------
     0 | D:1      | pistachioham the Gnoll Arcane Marksman began the quest for
                  | the Orb.
     0 | D:1      | Reached XP level 1. HP: 17/17 MP: 4/4
   433 | D:1      | Reached XP level 2. HP: 22/23 MP: 3/5
   436 | D:1      | Learned a level 2 spell: Slow
  1178 | D:2      | Reached XP level 3. HP: 28/28 MP: 4/7
  1249 | D:2      | Found a faded altar of an unknown god.
  1467 | D:2      | Found a blossoming altar of Fedhas.
  1534 | D:2      | Learned a level 3 spell: Portal Projectile
  1684 | D:3      | Reached skill level 1 in Invocations
  1967 | D:3      | Reached skill level 1 in Short Blades
  1967 | D:3      | Reached skill level 1 in Long Blades
  1967 | D:3      | Reached skill level 1 in Axes
  1967 | D:3      | Reached skill level 1 in Maces & Flails
  1967 | D:3      | Reached skill level 1 in Polearms
  1967 | D:3      | Reached skill level 1 in Staves
  1967 | D:3      | Reached skill level 1 in Slings
  1967 | D:3      | Reached skill level 1 in Crossbows
  1967 | D:3      | Reached skill level 1 in Throwing
  1967 | D:3      | Reached skill level 1 in Armour
  1967 | D:3      | Reached skill level 1 in Stealth
  1967 | D:3      | Reached skill level 1 in Shields
  1967 | D:3      | Reached skill level 1 in Unarmed Combat
  1967 | D:3      | Reached skill level 1 in Evocations
  2125 | D:3      | Found a runed translucent door.
  2137 | D:3      | Noticed Jessica
  2197 | D:3      | Killed Jessica
  2198 | D:3      | Reached XP level 4. HP: 34/34 MP: 5/8
  2481 | D:3      | Noticed Crazy Yiuf
  2590 | D:3      | Killed Crazy Yiuf
  2591 | D:3      | Reached skill level 1 in Conjurations
  2591 | D:3      | Reached skill level 1 in Summonings
  2591 | D:3      | Reached skill level 1 in Necromancy
  2591 | D:3      | Reached skill level 1 in Translocations
  2591 | D:3      | Reached skill level 1 in Transmutations
  2591 | D:3      | Reached skill level 1 in Fire Magic
  2591 | D:3      | Reached skill level 1 in Ice Magic
  2591 | D:3      | Reached skill level 1 in Air Magic
  2591 | D:3      | Reached skill level 1 in Earth Magic
  2591 | D:3      | Reached skill level 1 in Poison Magic
  2707 | D:4      | Reached XP level 5. HP: 29/40 MP: 6/9
  2809 | D:4      | Noticed a phantom
  2847 | D:4      | Killed a phantom
  2969 | D:4      | Noticed Grinder
  2980 | D:4      | Paralysed by Grinder for 3 turns
  3002 | D:4      | Paralysed by Grinder for 6 turns
  3009 | D:4      | HP: 1/41 [Grinder (5)]
  3009 | D:4      | Slain by Grinder

Illustrated notes

Levels and vault maps discovered:
D:1:      dpeg_arrival_circle_labyrinth_c, layout_basic
D:2:      layout_rooms, old_standard_altar, chequers_ecumenical_altar_grove
D:3:      layout_basic, uniq_jessica, uniq_crazy_yiuf_cottage
D:4:      layout_loops_ring, uniq_grinder, uniq_edmund

Skill      XL: |  1  2  3  4  5 |
---------------+----------------+-----
Invocations    | 1 |  1.9
Short Blades   | 1 |  1.7
Long Blades    | 1 |  1.7
Axes           | 1 |  1.7
Maces & Flails | 1 |  1.7
Polearms       | 1 |  1.7
Staves         | 1 |  1.7
Slings         | 1 |  1.7
Crossbows      | 1 |  1.7
Throwing       | 1 |  1.7
Armour         | 1 |  1.7
Stealth        | 1 |  1.7
Shields        | 1 |  1.7
Unarmed Combat | 1 |  1.7
Evocations     | 1 |  1.7
Spellcasting   | 3 |  3.3
Conjurations   | 1 |  1.3
Summonings     | 1 |  1.3
Necromancy     | 1 |  1.3
Translocations | 1 |  1.3
Transmutations | 1 |  1.3
Fire Magic     | 1 |  1.3
Ice Magic      | 1 |  1.3
Air Magic      | 1 |  1.3
Earth Magic    | 1 |  1.3
Poison Magic   | 1 |  1.3
Fighting       | 3 |  3.1
Bows           | |  4.9
Dodging        | |  4.9
Hexes          | |  5.6

Action                   |  1- 3 |  4- 6 || total
-------------------------+-------+-------++-------
Melee: Dagger            |   115 |    42 ||   157
       Bite              |    17 |     3 ||    20
 Fire: Shortbow          |    43 |    28 ||    71
 Cast: Corona            |    33 |    13 ||    46
       Portal Projectile |       |     1 ||     1
  Use: Scroll            |     2 |       ||     2
       Potion            |       |     3 ||     3
 Stab: Sleeping          |     1 |     1 ||     2
Armor: Robe              |    40 |     8 ||    48
Dodge: Dodged            |   144 |    42 ||   186

Table legend: (Time is in decaauts)
 A = Elapsed time spent in this place.
 B = Non-inter-level travel time spent in this place.
 C = Inter-level travel time spent in this place.
 D = Time resting spent in this place.
 E = Time spent auto-exploring this place.
 F = Levels seen in this place.
 G = Mean time per level.
                   A        B        C        D        E       F      G
               +--------+--------+--------+--------+--------+-----+--------+
         Total |   2990 |   2857 |    133 |    576 |    324 |   4 |  747.5 |
       Dungeon |   2990 |   2857 |    133 |    576 |    324 |   4 |  747.5 |
               +--------+--------+--------+--------+--------+-----+--------+

Top non-repeatable levels by time:
     D:3: 1105 daAuts
     D:1: 1002 daAuts
     D:2: 563 daAuts
     D:4: 318 daAuts
